 Dungeon Crawl Stone Soup version 0.29-a0-2-g12fcac58f8 (webtiles) character file.

Game seed: 6354155892740795694

6241 Angani the Martial Artist (level 10, -10/93 HPs)
             Began as a Black Draconian Gladiator on Jan 27, 2022.
             Was an Elder of Dithmenos.
             Engulfed by a cloud of flame (11 damage)
             ... in a bailey.
             The game lasted 00:23:45 (12336 turns).

Angani the Martial Artist (DrGl)                   Turns: 12336, Time: 00:23:45

Health: -10/93     AC: 14    Str: 16    XL:     10   Next: 62%
Magic:  10/10      EV: 18    Int: 10    God:    Dithmenos [****..]
Gold:   434        SH:  4    Dex: 16    Spells: 9/9 levels left

rFire   + . .      SeeInvis .     - Unarmed
rCold   + . .      Faith    .   h - +0 buckler
rNeg    . . .      Spirit   .   (armour unavailable)
rPois   +          Reflect  .   a - +1 hat
rElec   +          Harm     .   A - +0 cloak
rCorr   +          Rampage  .   (no gloves)
Will    .....                   c - +0 pair of boots
Stlth   +++.......              k - amulet of Lull {Acrobat Fly}
HPRegen 0.25/turn               r - +4 ring of evasion
MPRegen 0.12/turn               C - +4 ring of protection

@: brilliant, short of breath, resistant, flying, wreathed by umbra
A: breathe lightning, AC +7, unfitting armour, electricity resistance,
cold-blooded
a: Breathe Lightning, Renounce Religion, Shadow Step


You were in a bailey.
You worshipped Dithmenos.
Dithmenos was greatly pleased with you.
You visited 1 branch of the dungeon, and saw 12 of its levels.
You also visited: Ossuary and Bailey.

You collected 538 gold pieces.
You spent 104 gold pieces at shops.

Inventory:

Missiles
 b - a throwing net (quivered)
Armour
 a - a +1 hat (worn)
 c - a +0 pair of boots (worn)
 h - a +0 buckler (worn)
 A - a +0 cloak (worn)
Magical Staves
 j - a staff of poison
Jewellery
 i - a ring of ice
 k - the amulet of Lull (around neck) {Acrobat Fly}
   (You found it on level 4 of the Dungeon)

   [amulet of the acrobat]

   It increases your evasion while moving and waiting.
   Fly:       It grants you flight.
 q - an amulet of faith
 r - a +4 ring of evasion (left hand)
 B - a ring of positive energy
 C - a +4 ring of protection (right hand)
 H - a ring of positive energy
Wands
 s - a wand of iceblast (17)
 u - a wand of digging (11)
 w - a wand of paralysis (3)
Scrolls
 f - 6 scrolls of teleportation
 l - 2 scrolls of magic mapping
 n - 4 scrolls of holy word
 p - a scroll of silence
 t - a scroll of vulnerability
 x - a scroll of amnesia
 z - a scroll of fear {unknown}
Potions
 d - a potion of brilliance
 e - a potion of flight
 g - a potion of magic
 m - a potion of haste
 o - 6 potions of might
 v - 2 potions of curing
 E - a potion of berserk rage {unknown}
 F - a potion of attraction {unknown}
 G - a potion of cancellation {unknown}
 I - a potion of invisibility {unknown}


   Skills:
 - Level 10.0 Fighting
 - Level 1.7 Throwing
 + Level 6.4 Dodging
 - Level 1.2 Stealth
 - Level 0.2 Shields
 + Level 12.1 Unarmed Combat


You had 9 spell levels left.
You didn't know any spells.
Your spell library contained the following spells:

 Spells                   Type           Power      Damage    Failure   Level
 Foxfire                  Conj/Fire      0%         2x1d4     45%         1
 Pain                     Necr           0%         1d4       45%         1
 Sandblast                Erth           0%         2d4       45%         1
 Shock                    Conj/Air       0%         1d3       45%         1
 Passwall                 Tmut/Erth      0%         N/A       61%         2
 Conjure Flame            Conj/Fire      0%         6-21      83%         3
 Inner Flame              Hex/Fire       0%         N/A       83%         3
 Stone Arrow              Conj/Erth      0%         3d7       83%         3
 Swiftness                Air            0%         N/A       83%         3
 Airstrike                Air            0%         N/A       99%         4
 Flame Wave               Conj/Fire      0%         2d4       99%         4
 Agony                    Necr           0%         N/A       100%        5
 Excruciating Wounds      Necr           0%         N/A       100%        5


Dungeon Overview and Level Annotations

Branches:
Dungeon (12/15)            Temple (0/1) D:5         Ossuary (visited)
 Bailey (1/1)
   Lair: D:8-11         Orc: D:9-12

Altars:
Dithmenos
Nemelex Xobeh
Trog

Shops:
D:4 *[   D:9 (


Innate Abilities, Weirdness & Mutations

You can breathe wild blasts of lightning.
Your glossy black scales are hard. (AC +7)
You cannot fit into any form of body armour.
You are resistant to electric shocks. (rElec)
You are cold-blooded and may be slowed by cold attacks.


Message History

You hear a mighty clap of thunder!
The tree burns like a torch!
You hear a mighty clap of thunder!
The tree burns like a torch!
You hear a mighty clap of thunder!
The tree burns like a torch!
You hear a shout! x2
The orc warrior hits you but does no damage.
The forest fire spreads! x2
Unknown command.
Unknown command.
You pummel the orc warrior!!
The orc warrior is severely wounded.
You are engulfed in blazing flames.
The orc warrior misses you.
Unknown command.
You punch the orc warrior!
You kill the orc warrior!
Dithmenos accepts your kill.
You are engulfed in blazing flames.
The forest fire spreads!
Unknown command.
Okay, then.
It was a potion of brilliance.
You feel clever all of a sudden.
You are engulfed in blazing flames.
* * * LOW HITPOINT WARNING * * *
The orc warrior hits you with a +0 broad axe!
* * * LOW HITPOINT WARNING * * *
The forest fire spreads! x2
Okay, then.
Unknown command.
It was a potion of curing.
You feel better.
You are engulfed in blazing flames.
* * * LOW HITPOINT WARNING * * *
The orc warrior is engulfed in blazing flames.
The forest fire spreads! x2
Unknown command.
Okay, then.
It was a potion of resistance.
You feel protected.
You are engulfed in blazing flames.
You resist.
You die...

#♣ ♣♣ #§♣♣§♣ ##
#§§§§♣ ##. ♣o@♣
#.. ♣♣§♣♣♣ #..
♣.og.♣♣♣♣♣ #..
♣§§§)♣.♣.♣ #..
♣§§§.....♣♣♣ #..
♣♣§§.......♣ ###.
♣♣........♣ ###.#'
♣....)).♣###.....
♣♣.....).##.o..g..


You could see 2 orc warriors and a goblin.

Vanquished Creatures
  A two-headed ogre (D:9)
  2 trolls
  A wyvern (D:10)
  A steam dragon (D:8)
  Edmund (D:5)
  A water moccasin (D:7)
  An acid dragon (D:8)
  3 ice beasts
  2 black bears (D:7)
  9 orc warriors
  A necrophage (D:6)
  3 ogres
  2 centaurs
  3 elf zombies (Ossuary)
  2 kobold brigands
  A gnoll sergeant (D:11)
  A bullfrog (D:8)
  3 scorpions
  A wyvern skeleton (D:7)
  3 water moccasin skeletons
  3 killer bees (D:5)
  10 wights
  4 centaur zombies
  A bullfrog zombie (D:6)
  2 human zombies (Ossuary)
  A gnoll shaman (D:6)
  2 centaur skeletons
  4 hounds
  Crazy Yiuf (D:5)
  4 jellies
  4 orc priests
  A bullfrog skeleton (D:4)
  A scorpion zombie (D:5)
  2 iguanas
  8 orc wizards
  A hound skeleton (D:4)
  2 mummies (Ossuary)
  16 gnolls
  4 adders
  4 white imps
  2 adder zombies (Ossuary)
  4 worms
  3 dart slugs
  35 orcs
  6 endoplasms
  9 giant cockroaches
  15 goblins
  4 hobgoblins
  8 jackals
  3 quokkas
  5 ball pythons
  3 bats
  A frilled lizard (D:3)
  A goblin zombie (Ossuary)
  14 hobgoblin zombies (Ossuary)
  6 kobolds
  6 kobold zombies (Ossuary)
  8 orc zombies (Ossuary)
  6 rats
256 creatures vanquished.

Vanquished Creatures (others)
  A plant (D:4)
1 creature vanquished.

Grand Total: 257 creatures vanquished

Notes
Turn   | Place    | Note
-------+----------+-------------------------------------------
     0 | D:1      | Angani the Draconian Gladiator began the quest for the Orb.
     0 | D:1      | Reached XP level 1. HP: 17/17 MP: 1/1
   392 | D:1      | Reached XP level 2. HP: 21/24 MP: 2/2
  1534 | D:2      | Noticed a scorpion
  1539 | D:2      | Killed a scorpion
  1540 | D:2      | Reached skill level 4 in Unarmed Combat
  1540 | D:2      | Reached XP level 3. HP: 27/30 MP: 3/3
  1540 | D:2      | Reached XP level 4. HP: 33/37 MP: 4/4
  1570 | D:2      | Found a sparkling altar of Nemelex Xobeh.
  1790 | D:2      | Identified the +1 robe "Byxoikod" {rF+ Will+ Dex+3 Stlth+}
  2113 | D:2      | Reached skill level 5 in Unarmed Combat
  2343 | D:2      | Reached skill level 1 in Stealth
  2343 | D:2      | Reached XP level 5. HP: 19/44 MP: 5/5
  2875 | D:3      | Found a faded altar of an unknown god.
  2894 | D:3      | Prayed at the altar of an unknown god.
  2894 | D:3      | Became a worshipper of Dithmenos the Shadowed
  2894 | D:3      | Reached * piety under Dithmenos
  3446 | D:4      | Found Uthred's Mayhem Merchandise.
  3454 | D:4      | Bought a wand of iceblast (4) for 104 gold pieces
  3516 | D:4      | Noticed an ice beast
  3537 | D:4      | Killed an ice beast
  3538 | D:4      | Reached XP level 6. HP: 21/52 MP: 6/6
  3728 | D:4      | Found Cenwias's Antique Armour Boutique.
  3836 | D:4      | Reached skill level 6 in Unarmed Combat
  4542 | D:4      | Identified the amulet of Lull {Acrobat Fly}
  4665 | D:4      | Reached ** piety under Dithmenos
  4993 | D:4      | Reached skill level 5 in Fighting
  4993 | D:4      | Your scales start taking on a glossy black colour.
  4993 | D:4      | Reached XP level 7. HP: 50/61 MP: 7/7
  4993 | D:4      | Gained mutation: You are resistant to electric shocks.
                  | (rElec) [Black Draconian growth]
  5411 | D:5      | Entered Level 5 of the Dungeon
  5429 | D:5      | Noticed Edmund
  5533 | D:5      | Found a sand-covered staircase.
  5534 | D:5      | Identified the +11 hand axe of Fedhas's Delight {holy,
                  | *Corrode rPois Will+ Stlth+}
  5556 | Ossuary  | Entered an ossuary
  5655 | Ossuary  | Reached skill level 7 in Unarmed Combat
  6026 | Ossuary  | Reached *** piety under Dithmenos
  6066 | Ossuary  | Reached XP level 8. HP: 22/71 MP: 8/8
  6477 | D:5      | Found a staircase to the Ecumenical Temple.
  6544 | D:5      | Reached skill level 8 in Unarmed Combat
  7017 | D:5      | Killed Edmund
  7232 | D:5      | Found a runed translucent door.
  7233 | D:5      | Noticed Crazy Yiuf
  7280 | D:5      | Killed Crazy Yiuf
  7338 | D:6      | Reached skill level 9 in Unarmed Combat
  7607 | D:5      | Reached XP level 9. HP: 24/82 MP: 9/9
  8273 | D:6      | Reached skill level 10 in Unarmed Combat
  8390 | D:6      | Reached **** piety under Dithmenos
  9116 | D:7      | Reached skill level 10 in Fighting
 10105 | D:7      | Found a bloodstained altar of Trog.
 10110 | D:7      | Reached skill level 11 in Unarmed Combat
 10501 | D:8      | Reached XP level 10. HP: 93/93 MP: 10/10
 11168 | D:9      | Found Xaimiv's Weapon Shoppe.
 11444 | D:9      | Noticed a two-headed ogre
 11487 | D:9      | Killed a two-headed ogre
 11488 | D:9      | Reached skill level 5 in Dodging
 11756 | D:9      | You are sucked into a shaft and drop 3 floors!
 11756 | D:12     | Noticed an ogre mage
 11756 | D:12     | Noticed a two-headed ogre
 11757 | D:12     | Noticed a two-headed ogre
 11761 | D:12     | Noticed a skeletal warrior
 11999 | D:10     | Entered Level 10 of the Dungeon
 12053 | D:10     | Found a flagged portal.
 12067 | Bailey   | Entered a bailey
 12158 | Bailey   | Reached skill level 12 in Unarmed Combat
 12335 | Bailey   | HP: 1/93 [cloud of flame (15)]
 12336 | Bailey   | Engulfed by a cloud of flame

Illustrated notes

Levels and vault maps discovered:
D:1:      heliophobic_arrival_glass_houses, layout_basic, st_stairs_11
D:2:      layout_basic, basic_altar
D:3:      layout_loops_ring, chequers_ecumenical_altar_twisty
D:4:      minmay_octagon_keep, layout_layer_cave, serial_shops,
          nicolae_shop_overgrown_old_shop, minmay_shop_mayhem,
          serial_bayou_pond_e
D:5:      layout_loops_ring, minmay_temple_entry_ruins,
          chequers_ossuary_entry_cave, uniq_crazy_yiuf_cottage, uniq_edmund
D:6:      layout_basic, kennysheep_pointless_box, kennysheep_opposing_triangles
D:7:      layout_layer_cave, trog_ov_bears_minmay
D:8:      layout_basic, kennysheep_minor_cross, minmay_holes
D:9:      layout_basic, david_orc_2, serial_shops, nicolae_shop_crystal,
          kennysheep_generic_room_13
D:10:     layout_roguey, serial_shops, shop, enter_bailey_5, uniq_harold
D:11:     layout_cave_pods, dpeg_lair_monsters
D:12:     minmay_tile_spiral, layout_long_grid, minmay_splitting_lines,
          minivault_19, minmay_shattered_shrine
Bailey:   bailey_axe_minmay_hex_keep, bailey

Skill      XL: |  1  2  3  4  5  6  7  8  9 10 |
---------------+-------------------------------+-----
Unarmed Combat | 4 5 6 7 9 11 12 | 12.1
Stealth        | 1 |  1.2
Fighting       | 3 5 6 8 10 | 10.0
Dodging        | 4 6 |  6.4
Throwing       | |  1.7
Shields        | |  0.2

Action                   |  1- 3 |  4- 6 |  7- 9 | 10-12 || total
-------------------------+-------+-------+-------+-------++-------
Melee: Unarmed           |    78 |   274 |   466 |   185 ||  1003
       Tailslap          |    16 |    37 |    90 |    35 ||   178
       Punch             |     2 |       |       |       ||     2
Throw: Throwing net      |     1 |     1 |       |       ||     2
 Abil: Breathe Lightning |       |       |    21 |     7 ||    28
  Use: Potion            |       |     5 |       |     3 ||     8
       Scroll            |       |       |    13 |     5 ||    18
 Stab: Sleeping          |       |     5 |     5 |     1 ||    11
       Held in net/web   |       |     1 |       |       ||     1
Armor: Skin              |    26 |    66 |    64 |    34 ||   190
Dodge: Dodged            |    45 |   159 |   386 |   157 ||   747
Block: Buckler           |       |    35 |    69 |    25 ||   129

Table legend: (Time is in decaauts)
 A = Elapsed time spent in this place.
 B = Non-inter-level travel time spent in this place.
 C = Inter-level travel time spent in this place.
 D = Time resting spent in this place.
 E = Time spent auto-exploring this place.
 F = Levels seen in this place.
 G = Mean time per level.
                   A        B        C        D        E       F      G
               +--------+--------+--------+--------+--------+-----+--------+
         Total |  12210 |  11923 |    287 |   2813 |   6337 |  14 |  872.1 |
       Dungeon |  11118 |  10831 |    287 |   2585 |   6337 |  12 |  926.5 |
       Ossuary |    838 |    838 |      0 |    228 |      0 |   1 |  838.0 |
        Bailey |    253 |    253 |      0 |      0 |      0 |   1 |  253.0 |
               +--------+--------+--------+--------+--------+-----+--------+

Top non-repeatable levels by time:
     D:4: 2027 daAuts
     D:6: 1502 daAuts
     D:7: 1378 daAuts
     D:1: 1327 daAuts
     D:5: 1304 daAuts
     D:2: 1121 daAuts
     D:3: 899 daAuts
 Ossuary: 838 daAuts
     D:9: 705 daAuts
     D:8: 553 daAuts
  Bailey: 253 daAuts
    D:11: 179 daAuts
    D:10: 62 daAuts
    D:12: 57 daAuts
